 Dungeon Crawl Stone Soup version 0.32-a0-918-g0f22ef8d61 (webtiles) character file.

Game seed: 13586395636393021836

20 oldcraftman the Firebug (level 2, -2/15 HPs)
             Began as a Gargoyle Fire Elementalist on Apr 10, 2024.
             Slain by a gnoll
             ... wielding a +0 flail
              (5 damage)
             ... on level 2 of the Dungeon.
             The game lasted 00:12:24 (2001 turns).

oldcraftman the Firebug (GrFE)                      Turns: 2001, Time: 00:12:24

Health: -2/15      AC:  4    Str: 11    XL:     2   Next: 79%
Magic:  5/5        EV: 11    Int: 15    God:
Gold:   73         SH:  0    Dex: 10    Spells: 4/5 levels left

rFire   . . .        f - +0 spear
rCold   . . .        (no shield)
rNeg    + . .        a - +0 robe
rPois   ∞            (no helmet)
rElec   +            (no cloak)
rCorr   .            (no gloves)
SInv    .            (no boots)
Will    .....        c - amulet of regeneration
Stlth   ++           (no ring)
HPRegen 1.02/turn    (no ring)
MPRegen 0.09/turn

%: no passive effects
@: no status effects
A: sickness immunity, AC +2, negative energy resistance 1, electricity
resistance, torment resistance 1, petrification resistance
a: no special abilities


You were on level 2 of the Dungeon.
You visited 1 branch of the dungeon, and saw 2 of its levels.

You collected 73 gold pieces.

Inventory:

Hand Weapons
 f - a +0 spear (weapon)
 g - a +0 short sword
 h - a +0 club
 i - a +2 hand axe of flaming
Missiles
 e - 3 stones
Armour
 a - a +0 robe (worn)
Jewellery
 c - an amulet of regeneration (around neck)
Scrolls
 d - a scroll of identify {unknown}
Potions
 b - a potion of magic


   Skills:
 + Level 0.2 Polearms
 + Level 1.7 Dodging
 + Level 2.3 Stealth
 + Level 1.1 Unarmed Combat
 + Level 2.0 Spellcasting
 + Level 1.1 Conjurations
 + Level 3.3 Fire Magic


You had 4 spell levels left.
You knew the following spells:

 Your Spells              Type           Power      Damage    Failure   Level
a - Foxfire               Conj/Fire      32%        2x1d5     9%          1

Your spell library contained the following spells:

 Spells                   Type           Power      Damage    Failure   Level
 Scorch                   Fire           22%        2d5       9%          2
 Inner Flame              Hex/Fire       6%         N/A       32%         3
 Volatile Blastmotes      Fire/Tloc      12%        2d11      32%         3
 Flame Wave               Conj/Fire      8%         2d5       65%         4


Dungeon Overview and Level Annotations

Branches:
Dungeon (2/15)

Altars:


Innate Abilities, Weirdness & Mutations

You are immune to sickness and miasma.
Your stone body is resilient. (AC +2)
You are immune to poison.
You resist negative energy. (rN+)
You are resistant to electric shocks. (rElec)
You are resistant to unholy torment.
You are immune to petrification.


Message History

You hit the hobgoblin.
You kill the hobgoblin!
You see here a hobgoblin corpse.
Found a glowing hand axe.
You see here a +2 hand axe of flaming.
i - a +2 hand axe of flaming 3 gnolls come into view.
The gnoll shouts!
A gnoll comes into view. It is wielding a +0 flail.
The gnoll attacks as it pursues you! The gnoll closely misses you.
The gnoll attacks as it pursues you!
The gnoll hits you from afar with a +0 spear.
The gnoll attacks as it pursues you! The gnoll closely misses you.
The gnoll closely misses you.
The gnoll shouts!
You hit the gnoll.
The gnoll is heavily wounded.
You hear a shout!
The gnoll barely misses you.
You barely miss the gnoll.
The gnoll is heavily wounded.
The gnoll closely misses you. The gnoll barely misses you.
You barely miss the gnoll.
The gnoll is heavily wounded.
The gnoll closely misses you. The gnoll barely misses you.
The gnoll hits you with a +0 spear.
You closely miss the gnoll.
The gnoll is heavily wounded.
The gnoll barely misses you. The gnoll hits you with a +0 spear.
The gnoll shouts!
You hit the gnoll.
The gnoll is severely wounded.
The gnoll barely misses you. The gnoll hits you with a +0 spear.
You hit the gnoll.
You kill the gnoll!
The gnoll hits you with a +0 flail.
* * * LOW HITPOINT WARNING * * *
The gnoll closely misses you. The gnoll barely misses you.
The gnoll hits you with a +0 flail.
You die...

..... .. ..### ... .... .
...... ... #..#.####..... #.#
##..#....+..... #.# # ......#
#.....##.# .# #..#
#........####.# ##..#
#.....#...# ....#
+...g...#### ###.#
.##..@g......# #.#
.##.##...###.# ###.##### .##.
#.g.# # ........#
.##.##...###.#.
###.#######.##.###...........
.....................##.#.#.#
###.#######.##.###...##.#.#.#
#.....†............##......
#.............##...##.#.#.#


You could see 3 gnolls.

Vanquished Creatures
  A gnoll (D:2)
  4 endoplasms
  A giant cockroach (D:2)
  A hobgoblin (D:2)
  A bat (D:2)
  2 rats (D:1)
10 creatures vanquished.

Notes
Turn   | Place    | Note
-------+----------+-------------------------------------------
     0 | D:1      | oldcraftman the Gargoyle Fire Elementalist began the quest
                  | for the Orb.
     0 | D:1      | Reached XP level 1. HP: 10/10 MP: 3/3
  1902 | D:2      | Reached XP level 2. HP: 15/15 MP: 5/5
  1923 | D:2      | Reached skill level 1 in Unarmed Combat
  2001 | D:2      | Slain by a gnoll

Illustrated notes

Levels and vault maps discovered:
D:1:      spicycebolla_green_bress_n_ham, layout_basic
D:2:      layout_basic, feat_on_display

Skill      XL: |  1  2 |
---------------+-------+-----
Unarmed Combat | 1 |  1.1
Polearms       | |  0.2
Dodging        | |  1.7
Stealth        | |  2.3
Spellcasting   | |  2.0
Conjurations   | |  1.1
Fire Magic     | |  3.3

Action                     || total
---------------------------++-------
  Melee: Unarmed           ||    32
         Spear             ||    22
         Punch             ||     1
 Armour: Robe              ||    35
  Dodge: Dodged            ||    38

Table legend: (Time is in decaauts)
 A = Elapsed time spent in this place.
 B = Non-inter-level travel time spent in this place.
 C = Inter-level travel time spent in this place.
 D = Time resting spent in this place.
 E = Time spent auto-exploring this place.
 F = Levels seen in this place.
 G = Mean time per level.
                   A        B        C        D        E       F      G
               +--------+--------+--------+--------+--------+-----+--------+
         Total |   2002 |    286 |   1716 |      0 |      0 |   2 | 1001.0 |
       Dungeon |   2002 |    286 |   1716 |      0 |      0 |   2 | 1001.0 |
               +--------+--------+--------+--------+--------+-----+--------+

Top non-repeatable levels by time:
     D:1: 1883 daAuts
     D:2: 118 daAuts
